 Dungeon Crawl Stone Soup version 0.29.0-7-g18a832c13a (webtiles) character file.

Game seed: 13856250203127579517

2410 enile the Fighter (level 9, -4/66 HPs)
             Began as a Formicid Monk on Sept 1, 2022.
             Was a High Priest of Hepliaklqana.
             Slain by an orc warrior
             ... wielding a +0 halberd
              (7 damage)
             ... in a bailey.
             The game lasted 00:10:26 (7924 turns).

enile the Fighter (Formicid Monk)                   Turns: 7924, Time: 00:10:26

Health: -4/66      AC: 12    Str: 19    XL:     9   Next: 75%
Magic:  8/12       EV:  7    Int: 11    God:    Hepliaklqana [*****.]
Gold:   402        SH:  5    Dex: 16    Spells: 7/8 levels left

rFire   . . .      SeeInvis +   a - +1 mace (spect)
rCold   . . .      Faith    .   D - +0 buckler
rNeg    . . .      Spirit   .   C - +0 plate armour
rPois   .          Reflect  .   (helmet unavailable)
rElec   .          Harm     .   (no cloak)
rCorr   .          Rampage  .   (no gloves)
Will    .....                   (no boots)
Stlth   ..........              (no amulet)
HPRegen 0.21/turn               (no ring)
MPRegen 0.13/turn               (no ring)

@: no status effects
A: reduced essence, permanent stasis, dig shafts and tunnels, antennae 3, four
strong arms
a: Dig, Renounce Religion, Recall Ancestor, Ancestor Identity, Transference,
Idealise


You were in a bailey.
You worshipped Hepliaklqana.
Hepliaklqana was extremely pleased with you.
You visited 1 branch of the dungeon, and saw 8 of its levels.
You also visited: Ossuary and Bailey.

You collected 402 gold pieces.

Inventory:

Hand Weapons
 a - a +1 spectral mace (weapon)
 c - a +1 spear of flaming
 l - a +2 battleaxe of electrocution
 n - a +1 dagger of venom
 o - a +0 whip of electrocution
Missiles
 s - 7 poisoned darts (quivered)
Armour
 b - a +0 robe
 m - a +2 animal skin
 C - a +0 plate armour (worn)
 D - a +0 buckler (worn)
Magical Staves
 h - a staff of poison
Wands
 u - a wand of acid (10)
 H - a wand of charming (3)
Scrolls
 d - a scroll of torment
 k - 2 scrolls of brand weapon
 p - 2 scrolls of poison
 t - a scroll of summoning
 x - 3 scrolls of teleportation
 y - a scroll of fear
 z - 3 scrolls of enchant weapon
 A - 6 scrolls of noise
 B - a scroll of amnesia
 E - a scroll of blinking
 F - a scroll of silence {unknown}
 I - a scroll of identify
 K - a scroll of butterflies
 L - a scroll of enchant armour {unknown}
Potions
 e - a potion of might {unknown}
 f - a potion of lignification {unknown}
 g - 2 potions of flight {unknown}
 i - 2 potions of haste {unknown}
 j - 6 potions of mutation
 q - 2 potions of brilliance {unknown}
 r - 10 potions of degeneration
 v - 5 potions of invisibility {unknown}
 w - a potion of ambrosia
 G - a potion of attraction {unknown}


   Skills:
 - Level 8.0 Fighting
 - Level 3.4(4.0) Axes
 - Level 3.0(3.7) Maces & Flails
 - Level 3.0 Throwing
 - Level 6.0 Armour
 - Level 5.0 Dodging
 - Level 4.0 Stealth
 - Level 3.0 Shields
 - Level 5.0 Invocations
 + Level 1.3 Evocations


You had 7 spell levels left.
You knew the following spells:

 Your Spells              Type           Power      Damage    Failure   Level
a - Apportation           Tloc           0%         N/A       100%        1

Your spell library contained the following spells:

 Spells                   Type           Power      Damage    Failure   Level
 Magic Dart               Conj           0%         1d3       100%        1
 Searing Ray              Conj           0%         2d4       100%        2
 Fulminant Prism          Conj/Hex       0%         3d6       100%        4
 Alistair's Intoxication  Tmut/Pois      0%         N/A       100%        5
 Blade Hands              Tmut           0%         N/A       100%        5
 Irradiate                Conj/Tmut      0%         3d11      100%        5
 Dragon Form              Tmut           0%         N/A       100%        7


Dungeon Overview and Level Annotations

Branches:
Dungeon (8/15)             Temple (0/1) D:5            Lair (0/5) D:8
Ossuary (visited)          Bailey (1/1)

Altars:
Dithmenos
Hepliaklqana

Shops:
D:1 =

Annotations:
Bailey 2 runed translucent doors


Innate Abilities, Weirdness & Mutations

Your life essence is reduced to manifest your ancestor. (-10% HP)
You cannot be hasted, slowed, berserked, paralysed or teleported.
You can dig through walls and to a lower floor.
You have a pair of large antennae on your head. (SInv)
Your four strong arms can wield two-handed weapons with a shield.


Message History

No target in view!
Things that are here:
a +0 trident; a +0 chain mail; an orc corpse You now have enough gold to buy a +4 ring of evasion on D:1.
You can access your shopping list by pressing '$'.
You now have 402 gold pieces (gained 14).
You sense a monster nearby. 2 orc warriors and an orc come into view.
The orc warrior shouts! x2; The deep elf pyromancer shouts!
The orc shouts!
You hear a shout!
The orc warrior moves out of view.
An orc warrior and an orc knight come into view.
The orc knight shouts!
Found eight items.
The orc knight roars a battlecry!
The orc goes into a battle-frenzy!
Found a scroll of enchant weapon.
You block the orc's attack.
You barely miss the orc.
Your +1 spectral mace hits the orc!
You kill the orc!
Okay, then.
Aiming: Charm
Press: ? - help, Shift-Dir - straight line, f - orc knight
Aim: an orc knight, wielding a +0 glaive and wearing a +0 chain mail (ally target, chance to affect: 34%)
Okay, then.
Okay, then.
Hepliaklqana grants Izel healing and protection!
You block the orc knight's attack.
The orc knight hits you with a +0 glaive!
The orc warrior hits you with a +0 halberd!
Things that are here:
a +0 trident; a +0 scale mail; an orc corpse You hit the orc knight but do no damage.
The orc knight hits you with a +0 glaive!!
The orc warrior hits you from afar with a +0 halberd!
The orc warrior hits you with a +0 halberd!!
* * * LOW HITPOINT WARNING * * *
An orc comes into view. It is wielding a +0 halberd.
Izel hits the orc knight with a +0 flail!!
The orc warrior hits you with a +0 halberd!
You die...

#8.#...##### ..#..
[!#..#........ ..+..
![#.)'........
o+..##[$#.)'........ #
#....)?#..#........ #o
#{..?##8)#...#####
#..########..#....≈≈≈≈
##..ooR.......##.♣.≈≈≈≈
#....o@........#...≈≈≈≈
#$.##########..#..♣≈≈≈≈
####..♣≈≈≈≈ ♣♣≈≈≈ ♣≈≈≈
####


You could see the friendly Izel the knight (idealised), an orc knight (ally
target), 2 orc warriors and an orc.

Vanquished Creatures
  A black bear (D:5)
  A sky beast (D:7)
  A centaur (D:6)
  An ogre (D:5)
  2 bullfrogs (D:7)
  A necrophage (D:3)
  2 scorpions
  2 howler monkeys
  A centaur zombie (Ossuary)
  A hound (D:5)
  2 human zombies (Ossuary)
  2 orc priests (D:8)
  A gnoll bouda (D:7)
  2 iguanas
  Jessica (D:3)
  6 orc wizards (D:8)
  4 mummies
  4 gnolls (D:7)
  2 adders
  A white imp (D:7)
  2 worms
  A dart slug (D:5)
  14 orcs
  5 ball pythons
  5 endoplasms
  2 giant cockroaches
  A gnoll zombie (Ossuary)
  6 goblins
  8 hobgoblins
  6 jackals
  3 quokkas (D:1)
  11 bats
  4 goblin zombies
  4 kobolds
  A kobold zombie (D:6)
  An orc zombie (Ossuary)
  3 rats
115 creatures vanquished.

Vanquished Creatures (collateral kills)
  A hornet (D:7)
  2 orc warriors
  2 ogres
  A phantom (D:5)
  A necrophage (D:7)
  2 jellies
  An orc priest (D:7)
  2 iguanas (D:5)
  Natasha (D:4)
  An orc wizard (D:7)
  3 mummies (Ossuary)
  Robin (D:2)
  3 adders
  17 orcs
  3 endoplasms
  5 goblins
  4 hobgoblins
  2 jackals (D:1)
  3 quokkas (D:2)
  2 bats
  A kobold (D:1)
58 creatures vanquished.

Grand Total: 173 creatures vanquished

Notes
Turn   | Place    | Note
-------+----------+-------------------------------------------
     0 | D:1      | enile the Formicid Monk began the quest for the Orb.
     0 | D:1      | Reached XP level 1. HP: 18/18 MP: 1/1
    37 | D:1      | You fall into a shaft and drop 1 floor!
   444 | D:1      | Reached XP level 2. HP: 22/23 MP: 2/2
   494 | D:1      | Found Qoesmias's Jewellery Boutique.
   569 | D:1      | Reached skill level 4 in Fighting
   573 | D:1      | Found a faded altar of an unknown god.
   580 | D:1      | Prayed at the altar of an unknown god.
   580 | D:1      | Became a worshipper of Hepliaklqana the Forgotten
   580 | D:1      | Reached * piety under Hepliaklqana
   580 | D:1      | Reached ** piety under Hepliaklqana
   581 | D:1      | Remembered your ancestor Izel as a knight
   814 | D:1      | Reached XP level 3. HP: 27/27 MP: 3/3
   864 | D:1      | Reached *** piety under Hepliaklqana
  1077 | D:1      | Learned a level 1 spell: Apportation
  1241 | D:2      | Reached XP level 4. HP: 31/33 MP: 4/4
  1565 | D:3      | Noticed Robin
  1773 | D:2      | Killed Robin
  1950 | D:3      | Noticed Jessica
  1959 | D:3      | Killed Jessica
  1960 | D:3      | Reached XP level 5. HP: 23/37 MP: 5/5
  2617 | D:4      | Reached XP level 6. HP: 39/43 MP: 6/6
  2948 | D:4      | Noticed Natasha
  2952 | D:4      | Killed Natasha
  3570 | D:5      | Entered Level 5 of the Dungeon
  3592 | D:5      | Reached skill level 5 in Fighting
  3635 | D:5      | Noticed an ogre
  3643 | D:5      | Killed an ogre
  3644 | D:5      | Reached XP level 7. HP: 51/51 MP: 7/7
  3686 | D:5      | Reached skill level 6 in Fighting
  3686 | D:5      | Reached skill level 1 in Invocations
  3719 | D:5      | Reached **** piety under Hepliaklqana
  3807 | D:5      | Reached XP level 8. HP: 21/57 MP: 9/11
  3994 | D:5      | Found a staircase to the Ecumenical Temple.
  4127 | D:5      | Reached skill level 5 in Invocations
  4127 | D:5      | Reached skill level 1 in Armour
  5139 | D:6      | Found a sand-covered staircase.
  5150 | Ossuary  | Entered an ossuary
  5478 | Ossuary  | Reached skill level 1 in Shields
  6110 | D:7      | Reached skill level 7 in Fighting
  6401 | D:7      | Reached XP level 9. HP: 54/65 MP: 12/12
  6542 | D:7      | Reached ***** piety under Hepliaklqana
  6551 | D:7      | Reached skill level 8 in Fighting
  6567 | D:7      | Reached skill level 5 in Armour
  6826 | D:7      | Noticed a hornet
  6836 | D:7      | Killed a hornet
  7511 | D:7      | Found a shadowy altar of Dithmenos.
  7621 | D:8      | Found a staircase to the Lair.
  7656 | D:8      | Reached skill level 5 in Dodging
  7661 | D:8      | Reached skill level 1 in Throwing
  7718 | D:8      | Reached skill level 1 in Evocations
  7757 | D:8      | Found a flagged portal.
  7862 | Bailey   | Entered a bailey
  7916 | Bailey   | Found a large runed translucent door.
  7916 | Bailey   | Found a large runed translucent door.
  7917 | Bailey   | Noticed a deep elf pyromancer
  7918 | Bailey   | Noticed an orc knight
  7924 | Bailey   | HP: 3/66 [orc warrior/+0 halberd (18)]
  7924 | Bailey   | Slain by an orc warrior

Illustrated notes

Levels and vault maps discovered:
D:1:      minmay_arrival_shoal_huts, layout_rooms, serial_shops, shop,
          nicolae_ecumenical_snake_handling
D:2:      layout_rooms, kennysheep_potato
D:3:      layout_rooms, uniq_robin, uniq_jessica
D:4:      layout_basic, uniq_natasha
D:5:      wad_pebble_path, layout_basic, minmay_temple_entry_sparse_star,
          serial_glass, glass_columns_a, glass_columns_a, glass_columns_c,
          minmay_strange_pillars, minmay_strange_pillars, feat_on_display,
          lemuel_flamethrower_1
D:6:      layout_cave_pools, nicolae_ossuary_entry_giza
D:7:      layout_loops_corners, nicolae_dithmenos_through_a_glass_darkly,
          nrook_uturn, roderic_batcave, hangedman_decor_clover_reticule
D:8:      layout_basic, mainiacjoe_overflow_big_doors, lair_entry_dummy,
          enter_bailey_6
Bailey:   bailey_polearm_elven_captive_hellmonk, bailey

Skill      XL: |  1  2  3  4  5  6  7  8  9 |
---------------+----------------------------+-----
Fighting       | 4 5 6 7 8 |  8.0
Stealth        | 3 4 |  4.0
Dodging        | 3 4 5 |  5.0
Axes           | 2 3 |  3.4
Invocations    | 4 5 |  5.0
Armour         | 4 6 |  6.0
Shields        | 3 |  3.0
Throwing       | 3 |  3.0
Evocations     | 1 |  1.3
Maces & Flails | |  3.0

Action                   |  1- 3 |  4- 6 |  7- 9 || total
-------------------------+-------+-------+-------++-------
Melee: Mace              |    12 |    43 |   178 ||   233
       Spear             |    66 |     9 |       ||    75
       Punch             |     1 |     1 |       ||     2
       Battleaxe         |       |    15 |     6 ||    21
Throw: Dart              |       |     4 |    11 ||    15
Invok: Ancestor Life: Kn |     1 |       |       ||     1
       Idealise          |       |       |     1 ||     1
 Abil: Dig               |     2 |       |       ||     2
       Shaft Self        |     1 |       |       ||     1
  Use: Potion            |     1 |     1 |     2 ||     4
       Scroll            |       |     2 |    11 ||    13
 Stab: Sleeping          |     7 |     9 |     3 ||    19
       Distracted        |       |       |     2 ||     2
Armor: Robe              |    26 |    10 |     1 ||    37
       Plate armour      |       |       |    92 ||    92
Dodge: Dodged            |    64 |    62 |    57 ||   183
Block: Buckler           |       |       |    26 ||    26
